 Dungeon Crawl Stone Soup version 0.26.1-2-gb8aa6d0cf2 (webtiles) character file.

Game seed: 8559495639885822314

26 Descartes the Magician (level 2, 0/18 HPs)
             Began as a Deep Elf Wanderer on Mar 12, 2021.
             Slain by a hobgoblin (2 damage)
             ... on level 1 of the Dungeon.
             The game lasted 00:02:44 (1052 turns).

Descartes the Magician (Deep Elf Wanderer)          Turns: 1052, Time: 00:02:45

Health: 0/18       AC:  8    Str: 10    XL:     2   Next: 89%
Magic:  8/8        EV:  8    Int: 19    God:
Gold:   128        SH:  0    Dex: 10    Spells: 6/7 levels left

rFire    . . .     SeeInvis .   a - +0 club
rCold    . . .     Faith    .   (no shield)
rNeg     . . .     Spirit   .   d - +2 scale mail
rPois    .         Reflect  .   (no helmet)
rElec    .         Harm     .   (no cloak)
rCorr    .         Rampage  .   (no gloves)
Will     .....                  (no boots)
Stlth    ..........             (no amulet)
HPRegen  0.06/turn              (no ring)
MPRegen  0.11/turn              (no ring)

@: no status effects
A: no striking features
a: no special abilities


You were on level 1 of the Dungeon.
You visited 1 branch of the dungeon, and saw 2 of its levels.

You collected 128 gold pieces.

Inventory:

Hand Weapons
 a - a +0 club (weapon)
Missiles
 b - 65 stones
 l - 10 poisoned darts
Armour
 d - a +2 scale mail (worn)
Scrolls
 e - 4 scrolls of identify {unknown}
 g - a scroll of immolation {unknown}
 j - a scroll of enchant armour {unknown}
 k - a scroll of remove curse {unknown}
Potions
 c - 2 potions of lignification
 f - a potion of degeneration {unknown}
 h - a potion of might {unknown}
 i - 2 potions of curing {unknown}


   Skills:
 - Level 2.4 Fighting
 - Level 1.5 Armour
 - Level 1.2 Stealth
 - Level 1.0 Shields
 + Level 3.0 Spellcasting
 + Level 1.9 Translocations
 - Level 2.1 Earth Magic


You had 6 spell levels left.
You knew the following spells:

 Your Spells              Type           Power        Failure   Level
a - Apportation           Tloc           20%          43%         1

Your spell library contained the following spells:

 Spells                   Type           Power        Failure   Level
 Teleport Other           Tloc           10%          80%         3


Dungeon Overview and Level Annotations

Branches:
Dungeon (2/15)

Altars:


Message History

The kobold hits you but does no damage. The kobold barely misses you.
You see here a +0 dagger.
The kobold hits you with a +0 short sword.
* * * LOW HITPOINT WARNING * * *
There is a stone staircase leading up here.
The hobgoblin hits you but does no damage.
The kobold hits you but does no damage.
You climb upwards.
There is a stone staircase leading down here.
The hobgoblin closely misses you. The hobgoblin hits you.
* * * LOW HITPOINT WARNING * * *
You barely miss the kobold. The kobold barely misses you.
The kobold hits you but does no damage.
You closely miss the kobold. The kobold barely misses you.
You closely miss the kobold. The kobold hits you but does no damage.
You hit the kobold.
You kill the kobold!
The hobgoblin hits you.
You die...

....###...............#.##.##.#..
##......##.......##.#......##.#..
....######.#...#.##..>.#.####.###
##### #.#...#.####.###.###.### #
#.......# ##.#....[...# #
#.......# ##.÷###..... #
#.#...#.# #...##.#.## # #.##.##g#
#...†...#.. # #.##.##@#
#......#.## #
########.##.##.##########..#.##
#.....##............# #...#..
#.###.###.....#####.# ##.#.##
###.###.###.#.#.# #.# #.....
..............#.# #.# ######
.##.##.####.#.#.# #.# .##.##)#
#.....# #.### .##.##.# ###.###
#...#


You could see a hobgoblin.

Vanquished Creatures
  3 leopard geckos
  5 bats (D:1)
  A hobgoblin (D:1)
  7 goblins
  3 kobolds (D:1)
  4 rats (D:1)
23 creatures vanquished.

Vanquished Creatures (others)
  5 toadstools (D:1)
5 creatures vanquished.

Grand Total: 28 creatures vanquished

Notes
Turn   | Place    | Note
-------+----------+-------------------------------------------
     0 | D:1      | Descartes the Deep Elf Wanderer began the quest for the
                  | Orb.
     0 | D:1      | Descartes set off with the following items: a +0 club, a
                  | potion of lignification, a +2 scale mail; and the following
                  | spell memorised: Apportation; and the following spells
                  | available to memorise: Teleport Other
     0 | D:1      | Reached XP level 1. HP: 13/13 MP: 5/5
   254 | D:1      | Reached skill level 2 in Spellcasting
   278 | D:1      | Reached skill level 1 in Translocations
   283 | D:1      | Reached XP level 2. HP: 18/18 MP: 7/7
   950 | D:2      | Reached skill level 3 in Spellcasting
  1052 | D:1      | Slain by a hobgoblin

Illustrated notes

Levels and vault maps discovered:
D:1:      ldierk_walled_garden, layout_loops_cross, minmay_small_reverse_x
D:2:      layout_loops_ring, eat_drink_and_be_merry_uskayaw, minmay_pentomino_q2

Skill      XL: |  1  2 |
---------------+-------+-----
Spellcasting   | 2 3 |  3.0
Translocations | 1 |  1.9
Fighting       | |  2.4
Armour         | |  1.5
Stealth        | |  1.2
Shields        | |  1.0
Earth Magic    | |  2.1

Action                   || total
-------------------------++-------
Melee: Club              ||   149
Armor: Scale mail        ||   150
Dodge: Dodged            ||   111
